Cogmind - Beta 11 X6 @@@ ROGUE MODE // 2021.08.01 @ 21:19:37 Player: Plexion Result: Destroyed by as-97032 with Assembled Heavy Rifle Performance ------------- Evolutions (1) 500 Regions Visited (4) 800 Robots Destroyed (34) 170 Value Destroyed (771) 771 Prototype IDs (2) 40 Alien Tech Used (0) 0 Bonus (-205) -205 TOTAL SCORE: 2076 Bonus ------- Friendly Fire -205 Cogmind --------- Core Integrity 0/400 Matter 213/300 Energy 79/100 System Corruption 0% Temperature Cool (0) Movement Core (50) Location -9/Exiles Parts ------- > --- POWER (1) -------- (None) > --- PROPULSION (2) --- (None) > --- UTILITY (4) ------ (None) > --- WEAPON (2) ------- (None) > --- INVENTORY (5) ---- Advanced Weapon Cycler Propulsion Shielding Hacking Suite Autogun Light Cannon Peak State ------------ > --- POWER ------------ Improved Ion Engine > --- PROPULSION ------- Light Treads Light Treads > --- UTILITY ---------- Improved Heat Sink Large Storage Unit Experimental Sensor Array Hacking Suite > --- WEAPON ----------- 8R-AWN's Boregun Mining Claw > --- INVENTORY -------- Improved Hover Unit Medium Storage Unit Advanced Weapon Cycler Propulsion Shielding Hacking Suite Light Assault Rifle Heavy Assault Rifle Heavy Assault Rifle Autogun Light Cannon Light Cannon [Rating: 33] Favorites ----------- Power Improved Ion Engine Engine Improved Ion Engine Propulsion Light Treads Treads Light Treads Hover Unit Improved Hover Unit Utility Large Storage Unit Device Improved Heat Sink Storage Large Storage Unit Hackware Hacking Suite Protection Propulsion Shielding Weapon Mining Claw Ballistic Gun 8R-AWN's Boregun Ballistic Cannon Light Cannon Launcher Rocket Launcher Slashing Weapon Mining Claw Build | -11 -10 -9 -9 -9 ------- Run | Scr Mat Mat Min Exi Slots Evolved 2 | . . 2 . . Power . | . . . . . Propulsion . | . . . . . Utility 2 | . . 2 . . Weapon . | . . . . . Parts Attached 41 | 6 11 9 11 4 Power 4 | 1 1 1 1 . Engine 4 | 1 1 1 1 . Core . | . . . . . Reactor . | . . . . . Propulsion 11 | 2 3 2 3 1 Treads 10 | 2 3 2 3 . Leg . | . . . . . Wheel . | . . . . . Hover 1 | . . . . 1 Flight . | . . . . . Utility 10 | 1 3 3 3 . Device 3 | . 1 1 1 . Storage 3 | 1 2 . . . Processor . | . . . . . Hackware 1 | . . 1 . . Protection 3 | . . 1 2 . Artifact . | . . . . . Weapon 16 | 2 4 3 4 3 Energy Gun . | . . . . . Energy Cannon . | . . . . . Ballistic Gun 10 | 2 4 1 2 1 Ballistic Cannon 4 | . . 2 1 1 Launcher 1 | . . . . 1 Special Weapon . | . . . . . Impact Weapon . | . . . . . Slashing Weapon 1 | . . . 1 . Piercing Weapon . | . . . . . Special Melee Weapon . | . . . . . Unidentified Prototypes 2 | . . . 2 . Parts Lost 16 | . 1 3 5 7 Power 3 | . 1 1 . 1 Propulsion 6 | . . . 3 3 Utility 3 | . . . 2 1 Weapon 4 | . . 2 . 2 Highest Loss Streak 7 | . 1 2 3 7 Average Slot Usage (%) 97 | . 95 88 99 82 Engine 11 | . 14 7 10 6 Treads 22 | . 27 22 21 13 Device 16 | . 10 13 19 19 Storage 11 | . 14 11 11 11 Hackware 8 | . . 9 11 11 Protection 1 | . . 3 2 . Ballistic Gun 13 | . 27 6 10 4 Ballistic Cannon 2 | . . 14 . 4 Slashing Weapon 7 | . . . 10 2 Naked Turns 2 | . . . . 2 Heaviest Build 37 | 11 27 35 37 37 Greatest Support 40 | 40 40 40 40 40 Greatest Overweight (x) 3 | . 1 . . 3 Average Overweight (x) . | . . . . . Largest Inventory Capacity 15 | 8 15 15 15 15 Average Capacity 14 | 6 13 15 15 14 Most Carried 15 | 2 12 15 15 12 Average Carried 10 | 1 5 13 11 11 Final Capacity 15 | 8 15 15 15 5 Final Carried 15 | 2 11 15 12 5 Class Distribution -------------------- 71% | Scavenger-Mutant 28% | Mutant Dominant Class ---------------- Mutant | -10/Materials Scavenger-Mutant | -9/Materials Scavenger-Mutant | -9/Mines Scavenger-Mutant | -9/Exiles Resources | -11 -10 -9 -9 -9 ----------- Run | Scr Mat Mat Min Exi Matter Collected 1150 | 225 280 264 381 . Remotely . | . . . . . Salvage Created 1329 | . 484 302 514 29 Parts 80 | . 41 19 20 . Haulers Intercepted 1 | . 1 . . . Recyclers Shooed 1 | . . . 1 . Parts Field Recycled . | . . . . . Retrieved Matter . | . . . . . Parts Self-Destructed . | . . . . . Prevented . | . . . . . Kills | -11 -10 -9 -9 -9 ------- Run | Scr Mat Mat Min Exi Combat Hostiles Destroyed 30 | . 15 8 3 4 Guns 20 | . 15 2 3 . Cannons 6 | . . 6 . . AOE 4 | . . . . 4 Classes Destroyed 8 | . 4 2 1 1 Builder 1 | . . 1 . . Tunneler 1 | . . . 1 . Hauler 1 | . 1 . . . Recycler 5 | . 1 . 4 . Swarmer 9 | . 9 . . . Grunt 14 | . 6 5 3 . Sentry 3 | . . 3 . . Assembled 4 | . . . . 4 Best Kill Streak 4 | . 4 3 2 4 Combat Bots Only 4 | . 4 3 2 4 Max Kills in Single Turn 2 | . 1 1 2 2 Gunslinging . | . . . . . Exploded 2 | . . . . 2 Melee . | . . . . . Uniques/NPCs Destroyed . | . . . . . Combat | -11 -10 -9 -9 -9 -------- Run | Scr Mat Mat Min Exi Damage Taken 2575 | . 412 460 1210 493 Core 512 | . 108 95 196 113 Absorbed by Shields . | . . . . . Core Remaining (%) 78 | 100 56 . . . Volleys Fired 125 | . 42 31 44 8 Largest 2 | . 2 2 2 1 Hottest 70 | . 40 70 58 33 Shots Fired 198 | . 84 60 46 8 Gun 150 | . 84 20 44 2 Cannon 42 | . . 40 2 . Launcher 6 | . . . . 6 Special . | . . . . . Kinetic 192 | . 84 60 46 2 Thermal . | . . . . . Explosive 6 | . . . . 6 Electromagnetic . | . . . . . Robot Hit Streak 9 | . 8 9 6 2 Robot Miss Streak 6 | . 3 6 4 . Penetration Max 1 | . . . 1 . Secondary Targets 2 | . 1 1 . . Max Gunslinging Chain 1 | . 1 1 . . Shots Hit Robots 140 | . 53 36 49 2 Core Hits 63 | . 24 16 14 9 Critical Kills 6 | . . . 6 . Critical Parts Destroyed 7 | . . . 7 . Critical Strikes 15 | . . 2 13 . Destroy 13 | . . . 13 . Blast 2 | . . 2 . . Melee Attacks 39 | . . . 39 . Impact . | . . . . . Slashing 39 | . . . 39 . Piercing . | . . . . . Sneak Attacks . | . . . . . Combat Hostiles . | . . . . . Follow-up Attacks . | . . . . . Damage Inflicted 2482 | . 614 538 1014 316 Guns 1254 | . 614 128 482 30 Cannons 447 | . . 410 37 . Explosions 286 | . . . . 286 Melee 495 | . . . 495 . Ramming . | . . . . . Kinetic 1701 | . 614 538 519 30 Thermal . | . . . . . Explosive 286 | . . . . 286 Electromagnetic . | . . . . . Impact . | . . . . . Slashing 495 | . . . 495 . Piercing . | . . . . . Highest Corruption . | . . . . . Average Corruption . | . . . . . Corruption Purged . | . . . . . Overload Shots . | . . . . . Overflow Damage 10 | . . . . 10 Projectiles . | . . . . . Explosions 10 | . . . . 10 Melee . | . . . . . Knockbacks 5 | . . 3 2 . Impact . | . . . . . Kinetic 5 | . . 3 2 . Secondary . | . . . . . Self-Inflicted Damage 44 | . . . . 44 Shots 1 | . . . . 1 Rammed . | . . . . . Targets Rammed . | . . . . . Kicked . | . . . . . Crushed . | . . . . . Highest Temperature 12 | . 12 . . . Average Temperature 7 | . 7 . . . Received Heat Transfer 336 | . 156 174 6 . Siege Activations . | . . . . . Robots Corrupted . | . . . . . Combat Hostiles . | . . . . . Parts Fried . | . . . . . Impact Corruptions . | . . . . . Robots Melted . | . . . . . Combat Hostiles . | . . . . . Parts Melted . | . . . . . Heat Transferred . | . . . . . Parts Sabotaged . | . . . . . Parts Stolen . | . . . . . Parts Stripped . | . . . . . Power Chain Reactions . | . . . . . Missiles Intercepted . | . . . . . Alert | -11 -10 -9 -9 -9 ------- Run | Scr Mat Mat Min Exi Peak Influence 349 | . 349 302 187 . Initial 117 | . . 97 117 . Average 76 | . 167 207 27 . Maximum Alert Level 1 | . 1 1 . . Low Security (%) 85 | 100 62 35 100 . Level 1 15 | . 37 64 . . Level 2 . | . . . . . Level 3 . | . . . . . Level 4 . | . . . . . Level 5 . | . . . . . High Security . | . . . . . Max Security . | . . . . . Squads Dispatched 6 | . 2 4 . . Investigation 1 | . . 1 . . Extermination . | . . . . . Reinforcement 5 | . 2 3 . . Assault . | . . . . . Garrison . | . . . . . Intercept . | . . . . . Construction Impeded . | . . . . . Haulers Reinforced . | . . . . . Active Scanning Responses . | . . . . . Cargo Convoy Interrupts . | . . . . . Stealth | -11 -10 -9 -9 -9 --------- Run | Scr Mat Mat Min Exi Distress Signals 6 | . 1 5 . . Communications Jammed . | . . . . . Distress Signals . | . . . . . Times Spotted 44 | . 20 13 5 6 Peak Tracking Total 8 | . 5 6 4 8 Tactical Retreats 3 | . 1 . 2 . Traps | -11 -10 -9 -9 -9 ------- Run | Scr Mat Mat Min Exi Traps Triggered 4 | . 4 . . . Indirectly . | . . . . . Trap Hack Attempts . | . . . . . Triggered . | . . . . . Disarmed . | . . . . . Reprogrammed . | . . . . . Reused . | . . . . . Traps Extracted . | . . . . . Installed . | . . . . . Triggered . | . . . . . Machines | -11 -10 -9 -9 -9 ---------- Run | Scr Mat Mat Min Exi Machines Disabled 1 | . . . . 1 Max in Single Turn 1 | . . . . 1 Machines Sabotaged . | . . . . . Garrisons Compromised . | . . . . . Overloaded Fab Kills . | . . . . . Fab Network Shutdowns . | . . . . . Hacking | -11 -10 -9 -9 -9 --------- Run | Scr Mat Mat Min Exi Machines Accessed 2 | . 2 . . . Terminals 2 | . 2 . . . Fabricators . | . . . . . Repair Stations . | . . . . . Recycling Units . | . . . . . Scanalyzers . | . . . . . Garrison Access . | . . . . . Total Hacks 6 | . 6 . . . Successful 4 | . 4 . . . Failed 2 | . 2 . . . Catastrophic . | . . . . . Database Lockouts . | . . . . . Manual 6 | . 6 . . . Terminals 6 | . 6 . . . Fabricators . | . . . . . Repair Stations . | . . . . . Recycling Units . | . . . . . Scanalyzers . | . . . . . Garrison Access . | . . . . . Terminal Hacks 2 | . 2 . . . Robot Analysis 1 | . 1 . . . Zone Layout 1 | . 1 . . . Fabricator Hacks . | . . . . . Repair Station Hacks . | . . . . . Recycling Unit Hacks . | . . . . . Scanalyzer . | . . . . . Garrison Access Hacks . | . . . . . Unauthorized Hacks 2 | . 2 . . . Terminals 2 | . 2 . . . Track 1 | . 1 . . . Botnet 1 | . 1 . . . Fabricators . | . . . . . Repair Stations . | . . . . . Recycling Units . | . . . . . Scanalyzers . | . . . . . Garrison Access . | . . . . . Data Cores Recovered . | . . . . . Used . | . . . . . Hacking Detections 2 | . 2 . . . Full Trace Events . | . . . . . Feedback Events . | . . . . . Feedback Blocked . | . . . . . Robot Schematics Acquired . | . . . . . Robots Built . | . . . . . Matter . | . . . . . Time . | . . . . . Total Robot Build Rating . | . . . . . Part Schematics Acquired . | . . . . . Parts Built . | . . . . . Matter . | . . . . . Time . | . . . . . Total Part Build Rating . | . . . . . Parts Repaired . | . . . . . Time . | . . . . . Parts Recycled . | . . . . . Recycled Matter . | . . . . . Retrieved Matter . | . . . . . Retrieved Components . | . . . . . Parts Scanalyzed . | . . . . . Part Schematics Acquired . | . . . . . Parts Damaged . | . . . . . Bothacking | -11 -10 -9 -9 -9 ------------ Run | Scr Mat Mat Min Exi Used RIF Installer . | . . . . . Robots Hacked . | . . . . . Non-combat . | . . . . . Combat . | . . . . . Robot Hacks Applied . | . . . . . Relay Couplers Released . | . . . . . Robots Rewired . | . . . . . Allies Hacked . | . . . . . Hacks Repelled . | . . . . . Allies | -11 -10 -9 -9 -9 -------- Run | Scr Mat Mat Min Exi Total Allies 3 | . . . 3 . Largest Group 3 | . . . 3 2 Highest-Rated Group 40 | . . . 40 31 Highest-Rated Ally 16 | . . . 16 16 Total Orders . | . . . . . Ally Attacks 6 | . . . . 6 Total Damage 50 | . . . . 50 Kills 1 | . . . . 1 Allies Corrupted . | . . . . . Allies Melted . | . . . . . Intel | -11 -10 -9 -9 -9 ------- Run | Scr Mat Mat Min Exi Robot Analysis Total 1 | . 1 . . . Derelict Logs Recovered 3 | . . . 3 . Drone Launches . | . . . . . Drone Recoveries . | . . . . . Exploration | -11 -10 -9 -9 -9 ------------- Run | Scr Mat Mat Min Exi Turns Passed 3133 | 87 619 360 2014 53 Spaces Moved 1629 | 51 288 154 1116 20 Core 9 | 4 . . . 5 Treads 1617 | 47 288 154 1116 12 Legs . | . . . . . Wheels . | . . . . . Hover 3 | . . . . 3 Flight . | . . . . . Fastest Speed 50 | 50 160 160 160 50 Average Speed 159 | 151 160 160 160 144 Slowest Speed 260 | 160 260 160 160 240 Overloaded Moves . | . . . . . Propulsion Burnouts . | . . . . . Robots Hopped . | . . . . . Cave-ins Triggered . | . . . . . Exploration Rate (%) 36 | 4 46 27 99 8 Regions Visited 4 Branch Regions 2 Pre-discovered Areas 1 | . . . 1 . Known Exits Taken 1 | . . . 1 . Unknown Exits Taken 3 | 1 1 1 . . Scrap Searched 1 | . . . 1 . Spaces Dug 2 | . . . 2 . Terrain Destroyed 56 | . . . 23 33 Melee 2 | . . . 2 . Projectile 21 | . . . 21 . AOE 33 | . . . . 33 Terrain Rammed . | . . . . . Walls Destroyed . | . . . . . Machines Disabled . | . . . . . Actions | -11 -10 -9 -9 -9 --------- Run | Scr Mat Mat Min Exi Total 1891 | 58 366 213 1219 35 Wait 29 | . 15 3 8 3 Move 1625 | 50 287 153 1115 20 Hop . | . . . . . Pick Up 22 | 2 9 9 2 . Fast Attach 19 | 6 9 4 . . Attach 12 | . 1 2 7 2 Detach 1 | . 1 . . . Swap 10 | . 1 3 4 2 Drop 9 | . 1 8 . . Fire 125 | . 42 31 44 8 Melee 39 | . . . 39 . Ram . | . . . . . Kick . | . . . . . Crush . | . . . . . Escape Stasis . | . . . . . Rewire . | . . . . . Trap . | . . . . . Miscellaneous . | . . . . . Route ------- -11/Scrapyard -10/Materials (discovered 2 exits: [*Mat x2]) -9/Materials -9/Mines (discovered 3 exits: [*Mat x2] / *Exi) -9/Exiles (discovered 1 exit: [*Min]) History --------- Turn | Location | Event 22 | -11/Scrapyard | Discovered new exit (range 16) 88 | -11/Scrapyard | Entered Materials 161 | -10/Materials | Discovered new exit (range 14) 333 | -10/Materials | Build established: Mutant 603 | -10/Materials | Discovered new exit (range 3) 707 | -10/Materials | Entered another Materials area 707 | -9/Materials | Evolved 2 slots: Utility x2 942 | -9/Materials | Discovered new exit (range 13) 946 | -9/Materials | Met 8R-AWN 1067 | -9/Materials | Entered Mines 1069 | -9/Mines | Followed 8R-AWN into the Mines 1081 | -9/Mines | Attacked by 8R-AWN 1128 | -9/Mines | Core integrity fell below 50% 1169 | -9/Mines | Lost 3 parts (2n1u) 1198 | -9/Mines | Found 8R-AWN's Boregun 1219 | -9/Mines | Build established: Scavenger-Mutant 1249 | -9/Mines | Learned location of Zion (-7) 1371 | -9/Mines | Found a damaged Exp. Sensor Array with a note attached 1377 | -9/Mines | Found Prototype Device 1511 | -9/Mines | Identified Exp. Sensor Array 1587 | -9/Mines | Assisted by bots powering up and referring to "LRC-V3" 1618 | -9/Mines | Received a Rocket Launcher from a helpful Derelict 1728 | -9/Mines | Discovered new exit (range 16) 1922 | -9/Mines | Learned Materials security intel 2126 | -9/Mines | Identified exit to Exiles 2132 | -9/Mines | Discovered new exit (range 7) 3081 | -9/Mines | Entered Exiles 3081 | -9/Exiles | Accompanied by 2 allies 3081 | -9/Exiles | Attacked by the Exiles 3124 | -9/Exiles | Core integrity fell below 20% 3132 | -9/Exiles | Released all parts (4) 3132 | -9/Exiles | Discovered new exit (range 15) 3134 | -9/Exiles | Destroyed by as-97032 with Assembled Heavy Rifle Last Messages --------------- 03127_ HV Slug penetrates Wall. 03127_ Penetrated by HV Slug. 03127_ HV Slug penetrates Wall. 03128_ HV Slug penetrates 8R-AWN. 03130_ Wall collapses. 03130_ Penetrated by HV Slug. 03130_ Imp. Hover Unit destroyed. 03130_ HV Slug penetrates Wall. 03130_ Penetrated by HV Slug. 03130_ HV Slug penetrates Wall. 03130_ HV Slug penetrates 8R-AWN. 03132_ Released Exp. Sensor Array. 03132_ Released Hacking Suite. 03132_ Released Lrg. Storage Unit. 03132_ Released 8R-AWN's Boregun. 03132_ Penetrated by HV Slug. 03132_ HV Slug penetrates Wall. 03132_ Penetrated by HV Slug. 03132_ HV Slug penetrates Wall. 03132_ EXIT=FOUND Map ----- +----------------------------------------------------+ | ???????????????????????????????????????????????? | | ???????????????????????????????????????????????? | | ???????????????????????????????????????????????? | | ???????????????????????????????????????????????? | | ???????????????????????????????????????????????? | | ???????????????????????????????????????????????? | | ???????????????????????????????????????????????? | | ???????????????????????????????????????????????? | | ???????????????????????????????????????????????? | | ???????????????????????????????????????????????? | | ???????????????????????????????????????????????? | | ????????????????????????????##?????????????????? | | ???????????????????????????# #????????????????? | | ??????????????????????????# #????????????????? | | ?????????????????????????? < #????????????????? | | ?????????????????????????? ?????????????????? | | ?????????????????????????? ?????????????????? | | ????????????????????????## #?????????????????? | | ???????????????????????## ##????????????????? | | ???????????????????????# #????????????????? | | ???????????????????????# ?????????????????? | | ??????????????????????## ??????????????????? | | ?????????????????????## #??????????????????? | | ???????????????##????# #??????????????????? | | ??????????????## #### #???????????????????? | | ????????????### @ #???????????????????? | | ???????????#" #; #?????????????????? | | ?????????? g ##?#?????????????????? | | ?????????? a * [##??????????????????? | | ?????????? a % [!####???????????????? | | ???????????### /=![[ #???????????????? | | ?????????????# %*! "#??????????????? | | ?????????????## # [% ##?????????????? | | ??????????????# # #;; "#????????????? | | ??????????????##?######; ##????????????? | | ??????????????????????#### # #?????????????? | | ?????????????????????????##" ##????????????? | | ??????????????????????????#### ###??????????? | | ?????????????????????????????# ##?????????? | | ?????????????????????????????## ###???????? | | ??????????????????????????????### #???????? | | ????????????????????????????????# ##???????? | | ????????????????????????????????## ##????????? | | ?????????????????????????????????#####?????????? | | ???????????????????????????????????????????????? | | ???????????????????????????????????????????????? | | ???????????????????????????????????????????????? | | ???????????????????????????????????????????????? | | ???????????????????????????????????????????????? | | ???????????????????????????????????????????????? | +----------------------------------------------------+ Best States ------------- Heat Dissipation 52 Energy Generation 12 Energy Capacity 265 Matter Stores 300 Matter Capacity 300 Sight Range 16 Robot Scan Range 20 Terrain Scan Density 10 Armor Coverage 150 Propulsion Shielding 33 Evasion (%) 40 Recoil Reduction 2 Offensive Hacking 10 Item Schematics ----------------- None Robot Schematics ------------------ None Fabricated ------------ Nothing Alien Tech Used ----------------- None Achievements -------------- None Challenges ------------ None Game ------ Seed ColdNeutronNegator Manual? 0 Play Time 00:16:29 Cumulative 208.1 hours Start 2021.08.01 @ 21:02:14 End 2021.08.01 @ 21:19:37 Sessions 1 Manual Loads 0 Difficulty Rogue Special Mode None Game No. 273 Rogue 186 Adventurer 87 Explorer 0 Win Type - Total 4 Types 3/0/0/1/0/0/0/0/0 Lore% 68 Gallery% 76 Achievement% 62 Wizard Run 0 Options --------- ASCII 0 Keyboard 1 Movement Numpad Keybinds 0 Fullscreen 1 Font 18/Smallcaps Map View 76x50 Tactical HUD 1 Map Filters NONE Filters NONE Steam 1 RUN: 350e1c68-1eed-43d1-b0b3-37c004468365